 Dungeon Crawl Stone Soup version 0.30-a0-772-g5528072125 (webtiles) character file.

Game seed: 5061327220208951667

58 pokeman the Magician (level 3, 0/20 HPs)
             Began as a Deep Elf Hedge Wizard on Feb 12, 2023.
             Slain by a gnoll sergeant
             ... wielding a +0 spear
              (7 damage)
             ... on level 2 of the Dungeon.
             The game lasted 00:04:08 (2186 turns).

pokeman the Magician (Deep Elf Hedge Wizard)        Turns: 2186, Time: 00:04:09

Health: 0/20       AC:  2    Str:  7    XL:     3   Next: 76%
Magic:  8/11       EV: 12    Int: 20    God:
Gold:   128        SH:  0    Dex: 14    Spells: 4/12 levels left

rFire   . . .      SeeInvis .    p - +1 short sword (flame)
rCold   . . .      Faith    .    (no shield)
rNeg    . . .      Spirit   .    b - +0 robe
rPois   .          Reflect  .    c - +0 hat
rElec   .          Harm     .    (no cloak)
rCorr   .          Rampage  .    (no gloves)
Will    .....                    (no boots)
Stlth   +                        (no amulet)
HPRegen 0.23/turn                (no ring)
MPRegen 0.12/turn                (no ring)

@: confused
A: no striking features
a: no special abilities


You were on level 2 of the Dungeon.
You visited 1 branch of the dungeon, and saw 3 of its levels.

You collected 128 gold pieces.

Inventory:

Hand Weapons
 p - a +1 short sword of flaming (weapon)
Missiles
 o - 2 throwing nets
Armour
 b - a +0 robe (worn)
 c - a +0 hat (worn)
Wands
 m - a wand of flame (24)
 n - a wand of paralysis (11)
Scrolls
 a - a scroll of enchant weapon {unknown}
 e - a scroll of amnesia {unknown}
 f - 5 scrolls of identify {unknown}
 h - a scroll of blinking {unknown}
 l - a scroll of magic mapping {unknown}
 t - a scroll of fear {unknown}
Potions
 d - 2 potions of magic
 g - 2 potions of berserk rage {unknown}
 i - 2 potions of haste {unknown}
 j - a potion of might {unknown}
 k - 3 potions of heal wounds {unknown}
 q - 2 potions of curing {unknown}
 r - a potion of degeneration {unknown}
 s - a potion of cancellation {unknown}


   Skills:
 - Level 1.0 Fighting
 - Level 1.0 Armour
 + Level 2.4 Dodging
 + Level 2.4 Stealth
 * Level 5.4 Spellcasting
 + Level 2.0 Conjurations
 - Level 1.1 Summonings
 - Level 1.1 Translocations


You had 4 spell levels left.
You knew the following spells:

 Your Spells              Type           Power      Damage    Failure   Level
a - Magic Dart            Conj           52%        1d5       4%          1
b - Mephitic Cloud        Conj/Pois/Air  8%         N/A       26%         3
c - Call Imp              Summ           9%         N/A       11%         2
d - Blink                 Tloc           18%        N/A       11%         2

Your spell library contained the following spells:

 Spells                   Type           Power      Damage    Failure   Level
 Slow                     Hex            20%        N/A       11%         1
 Cigotuvi's Dreadful Rot  Necr/Pois/Air  10%        N/A       17%         2


Dungeon Overview and Level Annotations

Branches:
Dungeon (3/15)

Altars:
Dithmenos

Shops:
D:1 **


Message History

You climb upwards.
There is a stone staircase leading down here.
Casting: Mephitic Cloud (extremely dangerous; 26% risk of failure)
Confirm with . or Enter, or press ? or * to list all spells.
Aiming: Magic Dart (safe; 4% risk of failure)
Press: ? - help, Shift-Dir - straight line, f - goblin
Aim: a goblin, wielding a +0 dagger (100% to hit)
The magic dart hits the goblin.
The goblin is heavily wounded.
The goblin completely misses you.
You hit the goblin. You burn the goblin.
You kill the goblin!
You see here a +0 dagger.
There is a stone staircase leading down here.
You start resting.
HP restored.
You start resting.
Magic restored.
You climb downwards.
The gnoll sergeant hits you with a +0 spear!
There is a stone staircase leading up here.
The gnoll sergeant hits you with a +0 spear!
You climb upwards.
There is a stone staircase leading down here.
Casting: Magic Dart (safe; 4% risk of failure)
Confirm with . or Enter, or press ? or * to list all spells.
The spell is extremely dangerous to miscast (26% risk of failure)!
Continue anyway?
Aiming: Mephitic Cloud (extremely dangerous; 26% risk of failure)
Press: ? - help, Shift-Dir - straight line, f - gnoll sergeant
Aim: a gnoll sergeant, wielding a +0 spear, wearing a +0 ring mail and wearing a +0 buckler (heavily wounded, chance to affect: 81%) That beam is likely to hit you.
Continue anyway?
The ball explodes into a vile cloud!
The stinking cloud engulfs the gnoll sergeant but does no damage.
The gnoll sergeant is heavily wounded.
The stinking cloud engulfs you but does no damage.
You are engulfed in noxious fumes.
You choke on the stench!
You are confused.
The gnoll sergeant is engulfed in noxious fumes.
The gnoll sergeant hits you with a +0 spear!
You die...

.# #..# #.#.# .# ###..###.#.##
.#####...........#
..........###.##.# ...###.####
#.##.# ####### ##.# #.# #.##.#
#...... ##.# #.######.##.##
#.##.## ...###...#....#...####
#.##.# ##.##...........@○○..#
#.##.##
#.#.......####.○g##.######.##..#
#.#..).........○☼☼.........##...
#.#.............###........##.#.
#.##......####..##....####.##.#.
#...............##.##.........##
##.###.....###.###.#######.####
#.# #..#..# #.# #.#######.# #.#
#.....###.###.##...##.# #


You could see a gnoll sergeant.

Vanquished Creatures
  An adder (D:3)
  A dart slug (D:2)
  An orc (D:3)
  4 ball pythons
  2 endoplasms (D:1)
  A giant cockroach (D:1)
  6 goblins
  5 hobgoblins
  5 jackals
  4 kobolds
  2 quokkas (D:1)
  5 bats
  2 frilled lizards
  A rat (D:3)
40 creatures vanquished.

Vanquished Creatures (others)
  4 plants (D:3)
4 creatures vanquished.

Grand Total: 44 creatures vanquished

Notes
Turn   | Place    | Note
-------+----------+-------------------------------------------
     0 | D:1      | pokeman the Deep Elf Hedge Wizard began the quest for the
                  | Orb.
     0 | D:1      | Reached XP level 1. HP: 10/10 MP: 7/7
   296 | D:1      | Found Zasiotty's General Store.
   304 | D:1      | Reached XP level 2. HP: 15/15 MP: 5/9
   410 | D:1      | Found Uthroevaa's General Store.
   643 | D:1      | Reached skill level 5 in Spellcasting
   990 | D:1      | Reached XP level 3. HP: 20/20 MP: 7/11
   994 | D:1      | Learned a level 3 spell: Mephitic Cloud
   997 | D:1      | Learned a level 2 spell: Call Imp
  1000 | D:1      | Learned a level 2 spell: Blink
  1566 | D:2      | Reached skill level 1 in Armour
  1973 | D:3      | Reached skill level 1 in Fighting
  2013 | D:3      | Found a shadowy altar of Dithmenos.
  2029 | D:3      | Noticed a gnoll sergeant
  2186 | D:2      | Slain by a gnoll sergeant

Illustrated notes

Levels and vault maps discovered:
D:1:      heliophobic_arrival_dark_side_of_the_moon, layout_rooms, serial_shops,
          nicolae_shop_window_shopping, nicolae_shop_trees
D:2:      layout_loops_ring, hangedman_decor_riveting, mrwooster_statue_mirror
D:3:      layout_basic, nicolae_tso_besieged_by_evil,
          nicolae_overflow_crystal_walls, ebering_ecumenical_altar_box,
          serial_bayou_lagoon_b, uniq_ijyb

Skill      XL: |  1  2  3 |
---------------+----------+-----
Spellcasting   | 5 |  5.4
Armour         | 1 |  1.0
Fighting       | 1 |  1.0
Conjurations   | 2 |  2.0
Dodging        | |  2.4
Stealth        | |  2.4
Summonings     | |  1.1
Translocations | |  1.1

Action                     || total
---------------------------++-------
  Melee: Dagger            ||    22
         Short sword       ||    10
   Cast: Magic Dart        ||   106
         Mephitic Cloud    ||     5
   Stab: Confused          ||     1
 Armour: Robe              ||     9
  Dodge: Dodged            ||    32

Table legend: (Time is in decaauts)
 A = Elapsed time spent in this place.
 B = Non-inter-level travel time spent in this place.
 C = Inter-level travel time spent in this place.
 D = Time resting spent in this place.
 E = Time spent auto-exploring this place.
 F = Levels seen in this place.
 G = Mean time per level.
                   A        B        C        D        E       F      G
               +--------+--------+--------+--------+--------+-----+--------+
         Total |   2186 |   2139 |     47 |     60 |   1703 |   3 |  728.7 |
       Dungeon |   2186 |   2139 |     47 |     60 |   1703 |   3 |  728.7 |
               +--------+--------+--------+--------+--------+-----+--------+

Top non-repeatable levels by time:
     D:1: 1038 daAuts
     D:2: 904 daAuts
     D:3: 244 daAuts
